 Dungeon Crawl Stone Soup version 0.13-a0-2116-g5cefd36 (webtiles) character file.

174 Kae the Firebug (level 3, 0/19 HPs)
             Began as a Tengu Fire Elementalist on June 27, 2013.
             Was an Initiate of Sif Muna.
             Slain by an adder (3 damage)
             ... on Level 2 of the Dungeon.
             The game lasted 00:03:23 (1254 turns).

Kae the Firebug (Tengu Fire Elementalist)           Turns: 1254, Time: 00:03:23

HP   0/19        AC  2     Str  8      XL: 3   Next: 83%
MP   0/7         EV 12     Int 16      God: Sif Muna [......]
Gold 123         SH  0     Dex 14      Spells:  2 memorised,  1 level left

Res.Fire  : . . .   See Invis. : .   (no weapon)
Res.Cold  : . . .   Warding    : .   a - +0 robe
Life Prot.: . . .   Conserve   : .   (no shield)
Res.Poison: .       Res.Corr.  : .   (helmet restricted)
Res.Elec. : .       Clarity    : .   (no cloak)
Sust.Abil.: . .     Spirit.Shd : .   (no gloves)
Res.Mut.  : .       Stasis     : .   (boots unavailable)
Res.Rott. : .       Flight     : .   (no amulet)
Saprovore : . . .                    (no ring)
                                     (no ring)

@: mildly poisoned, very slightly contaminated, not resistant to hostile
enchantments, fairly stealthy
A: beak, talons 3
a: Renounce Religion


You were on level 2 of the Dungeon.
You worshipped Sif Muna.
Sif Muna was noncommittal.
You were hungry.

You visited 1 branch of the dungeon, and saw 2 of its levels.

You collected 103 gold pieces.

Inventory:

Armour
 a - a +0 robe (worn)
Comestibles
 c - 2 bread rations
 j - a choko
Scrolls
 e - 3 scrolls of enchant weapon I {unknown}
 f - a scroll of curse weapon {unknown}
 h - 2 scrolls of remove curse {unknown}
 k - a scroll of recharging {unknown}
 l - 2 scrolls of teleportation {unknown}
 o - a scroll of curse jewellery {unknown}
Potions
 d - a potion of might {unknown}
 g - a potion of degeneration {unknown}
 i - a potion of curing {unknown}
 p - a potion of beneficial mutation {unknown}
Books
 b - a book of Flames

   Spells                             Type                      Level
   *Flame Tongue                      Conjuration/Fire             1
   Throw Flame                        Conjuration/Fire             2
   *Conjure Flame                     Conjuration/Fire             3
   Inner Flame                        Hexes/Fire                   3
   Sticky Flame                       Conjuration/Fire             4
   Fireball                           Conjuration/Fire             5


   Skills:
 - Level 2.1 Dodging
 - Level 2.0 Stealth
 + Level 1.5 Spellcasting
 * Level 3.1 Conjurations
 * Level 4.1 Fire Magic


You had one spell level left.
You knew the following spells:

 Your Spells              Type           Power        Failure   Level  Hunger
a - Flame Tongue          Conj/Fire      ##...        6%          1    ##.....
b - Conjure Flame         Conj/Fire      ##......     14%         3    ####...


Dungeon Overview and Level Annotations

Branches:
Dungeon (2/27)

Altars:
Sif Muna


Innate Abilities, Weirdness & Mutations

You have a beak for a mouth.
You have claws for feet.


Message History

The adder misses you. The adder bites you.
Casting: Flame Tongue
Confirm with . or Enter, or press ? or * to list all spells.
Aiming: Flame Tongue
Press: ? - help, Shift-Dir - straight line, f/p - adder
Aim: an adder (heavily wounded)
The flame misses the adder.
The adder bites you.
You closely miss the adder. Your kick misses the adder.
The adder is heavily wounded.
The adder bites you.
* * * LOW HITPOINT WARNING * * *
You are poisoned.
The adder poisons you!
You hit the adder but do no damage. Your peck misses the adder.
The adder is heavily wounded.
The adder barely misses you.
You hit the adder.
The adder is severely wounded.
The adder bites you.
You die...

#..........#
####.####### #.####
#....# #
#####'#########
#......#......' .
###......+.######
.....#####.'......#
#
........S@.#..%...#
#
.....#######.<....#
# . #......# #
#......# # #......#
# #......# #
#.(....# # ###.# #


You could see an adder.

Vanquished Creatures
  A jelly (D:1)
  A worm (D:1)
  3 giant cockroaches
  2 hobgoblins
  3 jackals (D:1)
  4 bats
  A giant newt (D:2)
  3 goblins (D:1)
  6 kobolds
  6 rats
30 creatures vanquished.

Notes
Turn   | Place    | Note
--------------------------------------------------------------
     0 | D:1      | Kae, the Tengu Fire Elementalist, began the quest for the Orb.
     0 | D:1      | Reached XP level 1. HP: 10/10 MP: 3/3
   232 | D:1      | Reached XP level 2. HP: 10/15 MP: 0/5
   720 | D:1      | Reached XP level 3. HP: 16/19 MP: 2/6
   810 | D:1      | Reached skill level 4 in Fire Magic
  1038 | D:2      | Learned a level 3 spell: Conjure Flame
  1154 | D:2      | Found a deep blue altar of Sif Muna.
  1202 | D:2      | Became a worshipper of Sif Muna the Loreminder
  1254 | D:2      | Slain by an adder

Action                   || total
-------------------------++-------
Melee: Unarmed           ||    35
 Cast: Flame Tongue      ||    57
       Conjure Flame     ||     1
 Stab: Sleeping          ||     1
